AoeStats
← 彬彬有礼

Arena

510061990Analyzed
3v3 RM · 1d ago on Sep 29, 2026· 66m 37s· 6 players
Game mode
Random Map
Map size
Normal (6 player)
Population
200
Speed
Normal
Resources
Standard
Victory
Conquest
Starting age
Dark Age
Ending age
Imperial Age
RankedLock teamsTeams togetherTeam positionsShared explorationLock speedFull tech treeHidden civsTurbo modeCheats
Victory
Defeat
🇭🇰 Persians · Hong Kong SAR China
892
+19
🇨🇳 Lithuanians · China
867
+21
🇨🇳 Franks · China
867
+20
🇲🇽 Malians · Mexico
969
-20
🇹🇷 Spanish · Türkiye
969
-20
🇨🇭 Mongols · Switzerland
962
-20
Bako
11:40 Feudal Age
12:28 Horse Collar
12:35 Double-Bit Axe
18:04 Castle Age
17:25 Stone Mining
22:56 Bow Saw
25:00 Gold Mining
25:36 Fletching
25:46 Padded Archer Armor
29:52 Imperial Age
28:32 Bodkin Arrow
28:53 Leather Archer Armor
28:50 Forging
28:40 Scale Mail Armor
29:02 Scale Barding Armor
30:22 Heavy Plow
30:43 Heavy Camel Rider
31:24 Husbandry
31:34 Bloodlines
30:47 Light Cavalry
32:01 Chain Mail Armor
32:11 Ballistics
33:27 Conscription
34:00 Hussar
36:30 Parthian Tactics
36:11 Thumb Ring
41:06 Wheelbarrow
44:47 Heavy Cavalry Archer
47:25 Caravan
48:19 Bracer
48:55 Iron Casting
48:51 Plate Mail Armor
53:30 Capped Ram
54:40 Drill
54:20 Nomads
56:40 Pikeman
57:21 Squires
57:06 Arson
64:10 Blast Furnace
Graund
10:43 Feudal Age
15:25 Castle Age
13:42 Double-Bit Axe
14:07 Horse Collar
14:36 Stone Mining
14:58 Gold Mining
21:21 Heavy Plow
22:43 Wheelbarrow
29:41 Imperial Age
28:53 Hand Cart
30:16 Bow Saw
29:53 Elite Conquistador
30:43 Scale Barding Armor
30:40 Padded Archer Armor
32:22 Chemistry
31:45 Chain Barding Armor
31:36 Arson
31:13 Pikeman
31:56 Squires
33:44 Leather Archer Armor
34:00 Scale Mail Armor
35:38 Ballistics
37:24 Plate Barding Armor
37:20 Ring Archer Armor
37:06 Chain Mail Armor
36:38 Halberdier
38:30 Forging
39:31 Two-Man Saw
40:41 Conscription
41:20 Murder Holes
41:35 Fortified Wall
43:07 Husbandry
43:19 Bloodlines
42:33 Light Cavalry
43:52 Iron Casting
44:15 Plate Mail Armor
45:07 Hussar
48:40 Thumb Ring
48:27 Fletching
51:39 Elite Skirmisher
52:17 Bodkin Arrow
53:23 Blast Furnace
61:33 Caravan
64:05 Bracer
joseemiron
11:04 Feudal Age
11:35 Feudal Age
15:21 Castle Age
13:27 Double-Bit Axe
14:19 Horse Collar
14:36 Stone Mining
14:38 Gold Mining
14:41 Stone Mining
17:00 Wheelbarrow
16:37 Bow Saw
17:22 Heavy Plow
18:32 Loom
27:29 Hand Cart
29:16 Gold Shaft Mining
31:43 Imperial Age
30:06 Bloodlines
29:57 Husbandry
30:04 Scale Barding Armor
30:09 Forging
31:34 Chain Barding Armor
31:26 Forging
31:58 Town Watch
31:45 Heavy Camel Rider
32:30 Tigui
32:58 Conscription
33:41 Chemistry
33:48 Farimba
34:58 Iron Casting
34:46 Fletching
35:45 Tigui
36:31 Plate Barding Armor
36:43 Squires
36:47 Scale Mail Armor
36:43 Bodkin Arrow
38:22 Elite Gbeto
Ming
0:27 Loom
10:50 Feudal Age
17:50 Castle Age
16:15 Horse Collar
16:24 Double-Bit Axe
17:04 Stone Mining
21:49 Heavy Plow
21:41 Gold Mining
28:07 Imperial Age
26:37 Wheelbarrow
26:53 Forging
30:22 Scale Barding Armor
31:39 Hand Cart
32:18 Bow Saw
34:19 Conscription
35:28 Chain Barding Armor
35:44 Iron Casting
35:42 Bloodlines
35:33 Husbandry
35:25 Elite Leitis
36:58 Plate Barding Armor
36:14 Fletching
36:04 Elite Skirmisher
36:47 Tower Shields
38:39 Pikeman
39:19 Squires
41:06 Bodkin Arrow
43:10 Bracer
48:18 Padded Archer Armor
52:37 Cavalier
53:41 Paladin
54:43 Leather Archer Armor
54:23 Light Cavalry
56:53 Two-Man Saw
62:02 Scale Mail Armor
62:33 Ring Archer Armor
64:11 Winged Hussar
彬彬有礼
0:50 Loom
13:25 Feudal Age
17:14 Castle Age
15:41 Man-at-Arms
17:18 Double-Bit Axe
30:21 Bow Saw
30:15 Gold Mining
30:27 Stone Mining
34:47 Imperial Age
32:58 Wheelbarrow
32:40 Husbandry
34:45 Gold Shaft Mining
35:49 Squires
35:16 Pikeman
36:50 Hand Cart
39:48 Chemistry
39:40 Halberdier
41:03 Ballistics
40:55 Masonry
42:06 Scale Barding Armor
42:11 Forging
42:02 Scale Mail Armor
43:01 Gambesons
43:01 Arson
43:07 Cavalier
48:11 Long Swordsman
51:25 Iron Casting
51:10 Chain Barding Armor
51:06 Chain Mail Armor
50:52 Padded Archer Armor
50:49 Heavy Scorpion
51:11 Two-Handed Swordsman
52:33 Champion
53:08 Paladin
55:38 Blast Furnace
55:12 Plate Mail Armor
57:54 Plate Barding Armor
旺旺
10:38 Feudal Age
17:55 Castle Age
16:01 Stone Mining
15:57 Horse Collar
18:08 Double-Bit Axe
18:26 Heavy Plow
22:03 Gold Mining
23:04 Bow Saw
26:08 Imperial Age
25:07 Wheelbarrow
27:27 Two-Man Saw
26:37 Arson
26:53 Squires
30:07 Scale Mail Armor
30:14 Scale Barding Armor
30:40 Pikeman
31:30 Halberdier
35:45 Chain Mail Armor
35:41 Forging
36:34 Husbandry
36:44 Bloodlines
39:19 Hand Cart
39:18 Cavalier
43:34 Plate Mail Armor
46:54 Chain Barding Armor
47:11 Iron Casting
57:18 Plate Barding Armor
57:51 Blast Furnace
57:42 Savar
Connection lost

Rejoining the realm…

Still unreachable

The connection could not be restored.

Session expired

The server has moved on; the page needs a fresh start.